 Dungeon Crawl Stone Soup version 0.24.1 (console) character file.

Game seed: 1447876409847519533, levelgen mode: deterministic

155052 Kloppie the Peltast (level 18, -3/131 HPs)
             Began as a Halfling Fighter on Mar 30, 2020.
             Was the Champion of Okawaru.
             Slain by an emperor scorpion (15 damage)
             ... on level 4 of the Spider Nest.
             The game lasted 01:29:33 (28341 turns).

Kloppie the Peltast (Halfling Fighter)             Turns: 28341, Time: 01:29:33

Health: -3/131     AC: 40    Str: 27    XL:     18   Next: 26%
Magic:  0/18       EV:  4    Int:  6    God:    Okawaru [******]
Gold:   1614       SH:  0    Dex: 20    Spells: 17/17 levels left

rFire    x . .     SeeInvis .   a - +2 demon blade (flame)
rCold    + + .     Gourm    .   P - +2 shield {rC+}
rNeg     . . .     Faith    .   N - +10 crystal plate armour of Amept {+Fly rPois Str+4}
rPois    +         Spirit   +   J - +0 helmet
rElec    +         Reflect  .   n - scarf {Spirit}
rCorr    .         Harm     .   r - +0 pair of gloves
MR       +....                  X - +1 pair of boots {Stlth+}
Stlth    ..........             O - amulet of rage
HPRegen  0.31/turn              F - ring "Lioc Hibb" {Ice rElec Dex+4}
MPRegen  0.16/turn              w - +3 ring of protection

@: lethally poisoned (-3 -> -13), about to teleport, held
A: small, mutation resistance 1
a: Heroism, Finesse, Renounce Religion, Evoke Berserk Rage, Evoke Flight


You were on level 4 of the Spider Nest.
You worshipped Okawaru.
Okawaru was exalted by your worship.
You were not hungry.

You visited 4 branches of the dungeon, and saw 24 of its levels.
You also visited: Sewer and Ice Cave.

You collected 1614 gold pieces.

Inventory:

Hand Weapons
 a - a +2 demon blade of flaming (weapon)
 R - a +4 scimitar of flaming
Armour
 m - a scarf of repulsion
 n - a scarf of spirit shield (worn)
 r - a +0 pair of gloves (worn)
 J - a +0 helmet (worn)
 N - the +10 crystal plate armour of Amept (worn) {+Fly rPois Str+4}
   (Okawaru gifted it to you on level 4 of the Lair of Beasts)

   It affects your strength (+4).
   It protects you from poison.
   It lets you fly.
 P - a +2 shield of cold resistance (worn)
 X - a +1 pair of boots of stealth (worn)
Jewellery
 w - a +3 ring of protection (right hand)
 F - the ring "Lioc Hibb" (left hand) {Ice rElec Dex+4}
   (You found it on level 6 of the Dungeon)

   [ring of ice]

   It enhances your ice magic.
   It affects your dexterity (+4).
   It makes you vulnerable to fire.
   It protects you from cold.
   It insulates you from electricity.
 K - an uncursed ring of flight
 L - an uncursed amulet of magic regeneration
 O - an amulet of rage (around neck)
 Q - an uncursed ring of see invisible
Wands
 c - a wand of paralysis (11)
 h - a wand of random effects (39)
 t - a wand of polymorph (37)
 u - a wand of flame (86)
 x - a wand of iceblast (9)
 z - a wand of clouds (4)
 B - a wand of disintegration (9)
 G - a wand of digging (17)
Scrolls
 b - a scroll of holy word
 i - 11 scrolls of teleportation
 k - 8 scrolls of remove curse
 q - 6 scrolls of fear
 s - 8 scrolls of enchant weapon
 v - 7 scrolls of enchant armour
 y - 3 scrolls of fog
 C - 5 scrolls of amnesia
 D - a scroll of brand weapon {unknown}
 E - a scroll of magic mapping
 M - 2 scrolls of torment {unknown}
 T - 2 scrolls of summoning {unknown}
 V - a scroll of vulnerability {unknown}
Potions
 e - 6 potions of magic
 j - 4 potions of flight
 l - 3 potions of agility
 o - 4 potions of might
 p - 3 potions of brilliance
 A - 4 potions of haste
 H - a potion of resistance
 I - a potion of curing
 S - a potion of invisibility
Comestibles
 f - 32 rations


   Skills:
 - Level 14.0 Fighting
 - Level 14.0 Long Blades
 - Level 12.8 Armour
 + Level 20.3 Shields


You had 17 spell levels left.
You didn't know any spells.
Your spell library contained the following spells:

 Spells                   Type           Power        Failure   Level  Hunger
 Animate Skeleton         Necr           N/A          100%        1    ##.....
 Beastly Appendage        Tmut           #.....       100%        1    ##.....
 Confusing Touch          Hex            #.....       100%        1    ##.....
 Corona                   Hex            #......      100%        1    ##.....
 Pain                     Necr           #...         100%        1    ##.....
 Sting                    Conj/Pois      #...         100%        1    ##.....
 Summon Butterflies       Summ           #.......     100%        1    ##.....
 Summon Small Mammal      Summ           #...         100%        1    ##.....
 Call Imp                 Summ           #.......     100%        2    ###....
 Poisonous Vapours        Pois/Air       #.....       100%        2    ###....
 Slow                     Hex            #.......     100%        2    ###....
 Sticks to Snakes         Tmut           #.......     100%        2    ###....
 Call Canine Familiar     Summ           #.......     100%        3    ####...
 Confuse                  Hex            #.......     100%        3    ####...
 Gell's Gravitas          Tloc           #.........   100%        3    ####...
 Inner Flame              Hex/Fire       #.......     100%        3    ####...
 Mephitic Cloud           Conj/Pois/Air  #.......     100%        3    ####...
 Portal Projectile        Hex/Tloc       #.....       100%        3    ####...
 Regeneration             Chrm/Necr      #.........   100%        3    ####...
 Spider Form              Tmut/Pois      #.........   100%        3    ####...
 Summon Guardian Golem    Hex/Summ       #.......     100%        3    ####...
 Vampiric Draining        Necr           #.........   100%        3    ####...
 Animate Dead             Necr           N/A          100%        4    #####..
 Cause Fear               Hex            #.........   100%        4    #####..
 Ice Form                 Ice/Tmut       #.......     100%        4    #####..
 Leda's Liquefaction      Hex/Erth       #.........   100%        4    #####..
 Olgreb's Toxic Radiance  Pois           #.......     100%        4    #####..
 Petrify                  Tmut/Erth      #.......     100%        4    #####..
 Summon Ice Beast         Ice/Summ       #.......     100%        4    #####..
 Summon Lightning Spire   Summ/Air       #.......     100%        4    #####..
 Blade Hands              Tmut           #.........   100%        5    ######.
 Bolt of Magma            Conj/Fire/Erth #.........   100%        5    ######.
 Metabolic Englaciation   Hex/Ice        #.........   100%        5    ######.
 Summon Mana Viper        Hex/Summ       #.......     100%        5    ######.
 Venom Bolt               Conj/Pois      #.........   100%        5    ######.
 Yara's Violent Unravell  Hex/Tmut       #.........   100%        5    ######.
 Iron Shot                Conj/Erth      #.........   100%        6    #######
 Statue Form              Tmut/Erth      #........    100%        6    #######
 Summon Hydra             Summ           #.........   100%        7    #######
 Shatter                  Erth           #.........   100%        9    #######


Dungeon Overview and Level Annotations

Branches:
Dungeon (13/15)            Temple (1/1) D:6            Lair (6/6) D:8
 Shoals (0/4) Lair:2       Spider (4/4) Lair:3        Slime (0/5) Lair:5
    Orc (0/2) D:12         Vaults (0/5) D:13          Sewer (visited)
  IceCv (visited)

Altars:
Ashenzari
Cheibriados
Dithmenos
Elyvilon
Fedhas
Gozag
Hepliaklqana
Kikubaaqudgha
Makhleb
Nemelex Xobeh
Okawaru
Qazlal
Ru
Sif Muna
Trog
Uskayaw
Vehumet
Wu Jian
Xom
Yredelemnul
Zin
The Shining One
Jiyva

Shops:
D:6 ::   D:11 (   D:13 :

Portals:
Trove: D:12 (give +3 shadow dragon scales)

Annotations:
D:3 1 runed translucent door, Crazy Yiuf
D:13 2 transporters, Detados's ghost, journeyman MfBe
Lair:1 exclusion: 2 oklob plants
Lair:3 exclusion: oklob plant
Lair:5 1 runed translucent door
Spider:2 Roxanne


Innate Abilities, Weirdness & Mutations

You are small and have problems with some larger weapons.
You are somewhat resistant to further mutation.


Message History

The emperor scorpion claws you but does no damage.
You feel you are being watched by something.
The emperor scorpion stings you but does no damage.
The emperor scorpion claws you!
* * * LOW HITPOINT WARNING * * *
The emperor scorpion claws you but does no damage.
There is a web here.
As you read the scroll of teleportation, it crumbles to dust.
You feel strangely unstable.
You feel sick. The emperor scorpion stings you.
* * * LOW HITPOINT WARNING * * *
The emperor scorpion claws you but does no damage. x2
The emperor scorpion stings you!
* * * LOW HITPOINT WARNING * * *
The emperor scorpion claws you but does no damage. x2
You struggle to detach yourself from the web.
You feel sick.
The emperor scorpion stings you but does no damage.
The emperor scorpion claws you but does no damage. x2
The emperor scorpion barely misses you. The emperor scorpion claws you!
You die...

...# .### ..# ####
#..# ^..# ###### .###
##≈#≈.## ### ##^#
##....^≈# ##.# ^.†#
##≈.....≈#### ##^.##
.†.# #.....≈..^..##
#...≈# ...#
##..≈####..@sy####≈≈≈#
.†.# #..†##
*#≈≈.s{^^.#≈≈## .###
#≈†..###.≈≈##s†...≈≈#
##^#
#.....##.≈≈^##....≈##
#..#
##...^###.^.###.sy..#
#..## ##.≈...#####
###≈.≈# #..^#
###..≈#####***##y.#
....# ##...##..,,*
##.## ....##
###^≈##...,####†y#
.#...#
##....##.s.##≈^y..##
##...#
##.....#*yy#s^..y..†#


You could see 4 emperor scorpions, a moth of wrath and 2 hornets.

Vanquished Creatures
  A frost giant (IceCv)
  A ghost moth (Spider:4)
  An emperor scorpion (Lair:3)
  Louise (Spider:2)
  Nessos (Lair:6)
  An entropy weaver (Spider:2)
  8 hydras
  A vault guard (D:13)
  Harold (Lair:1)
  3 catoblepae
  Erica (D:8)
  A centaur warrior (D:13)
  A two-headed ogre (D:8)
  9 death yaks
  A deep troll shaman (Lair:6)
  2 tengu warriors (D:13)
  Sonja (Lair:1)
  A fire crab (Lair:6)
  An orc knight (D:13)
  2 lindwurms
  15 orb spiders
  35 wolf spiders
  3 manticores
  2 cyclopes
  3 ugly things
  A moth of wrath (Spider:1)
  6 black mambas
  Maurice (D:13)
  10 elephants
  2 ice statues (IceCv)
  7 torpor snails
  Joseph (D:8)
  12 spiny frogs
  A gargoyle (D:12)
  2 centaur skeletons
  5 komodo dragons
  6 rime drakes
  22 demonic crawlers
  2 ice devils (D:13)
  16 polar bears
  A queen bee (D:9)
  4 trolls
  33 jumping spiders
  Grinder (D:3)
  4 slime creatures (D:13)
  12 blink frogs
  3 hippogriffs
  70 redbacks
  33 tarantellas
  A wraith (D:10)
  5 wyverns
  Eustachio (D:6)
  11 humans (D:13)
  2 basilisks
  57 yaks
  20 water moccasins
  17 porcupines
  Duvessa (D:6)
  14 orc warriors
  An eye of draining (D:10)
  5 ice beasts
  5 sky beasts
  A black bear (D:8)
  6 necrophages (Lair:4)
  2 hornet zombies
  16 wolves
  9 ogres
  4 phantoms
  5 centaurs
  17 crocodiles
  12 bullfrogs
  7 big kobolds
  5 gnoll sergeants (D:12)
  A water moccasin zombie (D:6)
  3 scorpions
  Dowan (D:6)
  34 killer bees
  A vampire bat (Lair:2)
  5 wights (D:8)
  4 electric eels
  A howler monkey (D:9)
  7 crimson imps
  A bullfrog zombie (D:11)
  5 hounds
  2 jellies
  A centaur zombie (D:12)
  2 bullfrog skeletons (D:5)
  3 iguanas
  7 orc priests
  Natasha (D:2)
  16 orc wizards
  8 worker ants
  2 killer bee zombies
  A hound skeleton (D:10)
  2 howler monkey zombies
  17 adders
  6 river rats
  5 gnolls
  4 shadow imps
  3 oozes
  An adder skeleton (D:4)
  4 worms
  4 dart slugs
  5 leopard geckos
  46 orcs
  4 giant cockroaches
  7 hobgoblins
  13 jackals
  21 kobolds
  8 quokkas
  5 ball pythons
  16 bats
  4 frilled lizards
  4 goblins
  A leopard gecko zombie (D:5)
  2 quokka skeletons
  A quokka zombie (D:7)
  13 rats
878 creatures vanquished.

Vanquished Creatures (others)
  4 plants
4 creatures vanquished.

Grand Total: 882 creatures vanquished

Notes
Turn   | Place    | Note
-------+----------+-------------------------------------------
     0 | D:1      | Kloppie the Halfling Fighter began the quest for the Orb.
     0 | D:1      | Reached XP level 1. HP: 15/15 MP: 1/1
   171 | D:1      | Reached XP level 2. HP: 20/20 MP: 2/2
   294 | D:1      | Reached XP level 3. HP: 23/26 MP: 3/3
   804 | D:1      | Reached XP level 4. HP: 6/31 MP: 2/4
  1250 | D:2      | Noticed Natasha
  1255 | D:2      | Killed Natasha
  1255 | D:2      | Reached XP level 5. HP: 37/37 MP: 5/5
  1287 | D:2      | Found a faded altar of an unknown god.
  1633 | D:3      | Found a runed translucent door.
  1636 | D:3      | Noticed Crazy Yiuf
  1697 | D:3      | Noticed Grinder
  1707 | D:3      | Paralysed by Grinder for 5 turns
  1722 | D:3      | Killed Grinder
  1722 | D:3      | Reached skill level 5 in Fighting
  1722 | D:3      | Reached XP level 6. HP: 25/45 MP: 2/6
  1869 | D:3      | Reached skill level 5 in Long Blades
  2283 | D:3      | Reached XP level 7. HP: 46/50 MP: 7/7
  2597 | D:4      | Found an ornate altar of the Wu Jian Council.
  2994 | D:4      | Reached skill level 4 in Shields
  3517 | D:5      | Entered Level 5 of the Dungeon
  3535 | D:4      | Reached XP level 8. HP: 56/56 MP: 8/8
  3692 | D:5      | Found a burning altar of Makhleb.
  3977 | D:5      | Found a glowing drain.
  3982 | Sewer    | Entered a sewer
  4894 | D:6      | Found Tettuu's Book Boutique.
  4905 | D:6      | Reached XP level 9. HP: 61/63 MP: 9/9
  4932 | D:6      | Got a brightly glowing granite ring
  4937 | D:6      | Identified the ring "Lioc Hibb" {Ice rElec Dex+4} (You
                  | found it on level 6 of the Dungeon)
  5037 | D:6      | Found Dorhopp's Book Shoppe.
  5226 | D:6      | Noticed Dowan
  5226 | D:6      | Noticed Eustachio
  5248 | D:6      | Killed Dowan
  5255 | D:6      | Killed Eustachio
  5277 | D:6      | Noticed Duvessa
  5284 | D:6      | Killed Duvessa
  5362 | D:6      | Found a staircase to the Ecumenical Temple.
  5546 | Temple   | Entered the Ecumenical Temple
  5735 | Temple   | Became a worshipper of Warmaster Okawaru
  5801 | D:6      | Got a translucent ring mail
  5808 | D:6      | Reached XP level 10. HP: 71/71 MP: 10/10
  6444 | D:7      | Reached * piety under Okawaru
  6627 | D:8      | Found a shimmering altar of Xom.
  6674 | D:8      | Found a staircase to the Lair.
  6830 | D:8      | Noticed Joseph
  6837 | D:8      | Killed Joseph
  6853 | D:8      | Noticed Erica
  6863 | D:8      | Killed Erica
  6863 | D:8      | Reached ** piety under Okawaru
  6863 | D:8      | Reached XP level 11. HP: 69/78 MP: 11/11
  7254 | D:8      | Identified the cursed +0 ring mail "Baceyfuo" {rElec MR+
                  | Str-5} (You found it on level 6 of the Dungeon)
  7420 | D:9      | Reached *** piety under Okawaru
  7514 | D:8      | Reached skill level 10 in Long Blades
  7791 | D:9      | Noticed a two-headed ogre
  7808 | D:8      | Killed a two-headed ogre
  7808 | D:8      | Received a gift from Okawaru
  8621 | D:9      | Reached **** piety under Okawaru
  9093 | D:9      | Found a shimmering blue altar of Sif Muna.
  9172 | Lair:1   | Entered Level 1 of the Lair of Beasts
  9245 | Lair:1   | Reached XP level 12. HP: 76/87 MP: 4/12
  9267 | Lair:1   | Noticed Harold
  9295 | Lair:1   | Killed Harold
  9295 | Lair:1   | Reached skill level 5 in Shields
  9804 | Lair:1   | Noticed Sonja
 10381 | Lair:1   | Killed Sonja
 10381 | Lair:1   | Reached ***** piety under Okawaru
 11086 | Lair:2   | Noticed a seven-headed hydra
 11104 | Lair:2   | Killed a one-headed hydra
 11151 | Lair:2   | Found a staircase to the Shoals.
 11209 | Lair:2   | Noticed a five-headed hydra
 11222 | Lair:2   | Killed a one-headed hydra
 11424 | Lair:2   | Received a gift from Okawaru
 11547 | Lair:2   | Reached XP level 13. HP: 79/92 MP: 10/13
 11750 | Lair:2   | Reached skill level 10 in Fighting
 11999 | Lair:2   | Found the +8 whip "Snakebite" {curare, rPois}
 12650 | Lair:3   | Found a hole to the Spider Nest.
 12667 | Lair:3   | Noticed a six-headed hydra
 12678 | Lair:3   | Killed a one-headed hydra
 12704 | Lair:3   | Noticed a six-headed hydra
 12719 | Lair:3   | Killed a one-headed hydra
 13698 | Lair:4   | Reached ****** piety under Okawaru
 13698 | Lair:4   | Received a gift from Okawaru
 14675 | Lair:4   | Received a gift from Okawaru
 14676 | Lair:4   | Got a bronze crystal plate armour {god gift}
 14771 | Lair:4   | Identified the +10 crystal plate armour of Amept {+Fly
                  | rPois Str+4} (Okawaru gifted it to you on level 4 of the
                  | Lair of Beasts)
 15021 | Lair:5   | Noticed a catoblepas
 15048 | Lair:5   | Killed a catoblepas
 15206 | Lair:5   | Noticed a catoblepas
 15227 | Lair:5   | Killed a catoblepas
 15289 | Lair:5   | Reached XP level 14. HP: 103/103 MP: 14/14
 15545 | Lair:5   | Found a viscous altar of Jiyva.
 15545 | Lair:5   | Noticed an acid blob
 15571 | Lair:5   | Found a snail-covered altar of Cheibriados.
 15638 | Lair:5   | Found a runed translucent door.
 15640 | Lair:5   | Found a staircase to the Slime Pits.
 15640 | Lair:5   | Noticed an acid blob
 15640 | Lair:5   | Noticed an acid blob
 15949 | D:10     | Entered Level 10 of the Dungeon
 17149 | D:11     | Received a gift from Okawaru
 17149 | D:11     | Reached skill level 6 in Shields
 17150 | D:11     | Got a crystal scimitar {god gift}
 17170 | D:11     | Identified the +2 scimitar "Beriog" {drain, *Rage rElec
                  | Int+7 Dex-3} (Okawaru gifted it to you on level 11 of the
                  | Dungeon)
 17426 | D:11     | Found Vuezulol's Antique Weapon Shoppe.
 17550 | D:12     | Reached skill level 7 in Shields
 17807 | D:12     | Reached skill level 8 in Shields
 17925 | D:12     | Found a portal to a secret trove of treasure.
 18075 | D:12     | Found a staircase to the Orcish Mines.
 18177 | D:12     | Reached skill level 10 in Shields
 18177 | D:12     | Reached XP level 15. HP: 106/112 MP: 15/15
 18317 | D:13     | Found a frozen archway.
 18335 | IceCv    | Entered an ice cave
 18347 | IceCv    | Reached skill level 11 in Shields
 18893 | IceCv    | Noticed a frost giant
 18902 | IceCv    | Reached skill level 12 in Shields
 18915 | IceCv    | Killed a frost giant
 18915 | IceCv    | Received a gift from Okawaru
 19238 | D:13     | Reached XP level 16. HP: 111/118 MP: 16/16
 19385 | D:13     | Reached skill level 13 in Shields
 19403 | D:13     | Found a gate to the Vaults.
 19512 | D:13     | Noticed Maurice
 19522 | D:13     | Killed Maurice
 19538 | D:13     | Noticed Detados's ghost (journeyman MfBe)
 19559 | D:13     | Received a gift from Okawaru
 19569 | D:13     | Found a transporter.
 19662 | D:13     | Found a transporter.
 19915 | D:13     | Reached skill level 14 in Shields
 19955 | D:13     | Found Useet's Book Shop.
 20136 | Lair:6   | Entered Level 6 of the Lair of Beasts
 20136 | Lair:6   | Noticed Nessos
 20298 | Lair:6   | Killed Nessos
 20384 | Lair:6   | Received a gift from Okawaru
 20576 | Lair:6   | Received a gift from Okawaru
 20606 | Lair:6   | Reached skill level 15 in Shields
 21197 | Lair:6   | Received a gift from Okawaru
 21197 | Lair:6   | Reached skill level 16 in Shields
 21210 | Lair:6   | Got an ancient robe {god gift}
 21228 | Lair:6   | Got a faintly humming robe
 21251 | Lair:6   | Identified the +0 robe of Zoxiguw {rF+ Str-4 Int+5}
                  | (Okawaru gifted it to you on level 6 of the Lair of Beasts)
 21261 | Lair:6   | Identified the +1 robe "Uptaigus" {Stlth+} (You found it on
                  | level 6 of the Lair of Beasts)
 21556 | Spider:1 | Entered Level 1 of the Spider Nest
 21962 | Lair:3   | Reached XP level 17. HP: 49/125 MP: 7/17
 22244 | Spider:1 | Got a dazzling scale mail
 22596 | Spider:1 | Reached skill level 17 in Shields
 23286 | Spider:2 | Noticed Louise
 23314 | Spider:2 | Killed Louise
 23476 | Spider:2 | Identified Roxanne's Disquisition on the Rocks
 23476 | Spider:2 | Noticed Roxanne
 23836 | Spider:2 | Reached skill level 18 in Shields
 23840 | Spider:2 | Received a gift from Okawaru
 24312 | Spider:2 | Identified the +1 scale mail of the Lost Realms {-Cast rF+
                  | Stlth+} (You found it on level 1 of the Spider Nest)
 25333 | Spider:3 | Reached skill level 19 in Shields
 26181 | Spider:4 | Entered Level 4 of the Spider Nest
 26544 | Spider:4 | Received a gift from Okawaru
 26888 | Spider:4 | Reached XP level 18. HP: 122/131 MP: 18/18
 27331 | Spider:4 | HP: 5/131 [wolf spider (5)]
 27737 | Spider:4 | Reached skill level 20 in Shields
 28341 | Spider:4 | Slain by an emperor scorpion

Levels and vault maps discovered:
D:1:      giann_horns, layout_basic, serial_park_tiny_pond
D:2:      layout_basic, chequers_ecumenical_altar_twisty,
          kennysheep_generic_room_6, uniq_natasha
D:3:      layout_loops_ring, kennysheep_another_room, uniq_grinder,
          uniq_crazy_yiuf_cottage
D:4:      layout_gridville, kennysheep_flooded_box
D:5:      layout_basic, kennysheep_mini_moat, lightli_sewer_entry_pipes,
          first_ration
D:6:      layout_basic, minmay_temple_entry_enclosed_plants, serial_shops,
          nicolae_shop_stone, shop, minmay_misc_feat_room, uniq_duvessa,
          uniq_eustachio
D:7:      layout_rooms
D:8:      layout_loops_cross, lair_entry_dummy, xom_redecorated, uniq_erica,
          uniq_joseph
D:9:      kennysheep_orc_sif_temple, layout_rooms, david_nohive_1, hex_large
D:10:     layout_stronghold
D:11:     layout_rooms, serial_shops, nicolae_shop_trees
D:12:     layout_roguey, kennysheep_orc_monster_closet_entryway,
          nicolae_trove_entry_crystal
D:13:     layout_long_grid, ximxim_vaults_locker_room,
          gammafunk_ghost_berserking_beasts, serial_shops,
          nicolae_shop_behind_doors, portal_ice_cave_demonic_guard,
          lightli_minifort, uniq_maurice
Temple:   minmay_crystal_snake_temple
Lair:1:   layout_cave_pods, beast_lair_carwin_5, minmay_lair_oklob_chamber,
          uniq_sonja, uniq_harold
Lair:2:   minmay_guarded_unrand_snakebite, layout_regular_city,
          shoals_dummy_entry, roderic_batcave, lemuel_fruit_fields,
          lemuel_fruit_tree, serial_bayou_shore_b
Lair:3:   layout_loops_ring, spider_nest_entry_webs,
          chequers_serial_rivers_large_a
Lair:4:   layout_loops_ring, roderic_carrion_pond
Lair:5:   layout_long_grid, slime_altar_2, kennysheep_snail_temple
Lair:6:   grunt_lair_end_beastmaster, layout_cave_pods, uniq_nessos
Spider:1: layout_spider_delve
Spider:2: layout_spider_delve, nicolae_spider_webs_and_nodes, uniq_roxanne,
          uniq_louise
Spider:3: layout_spider_delve, nicolae_spider_stair_cavern
Spider:4: spider_rune_water, nicolae_crawler_farm

Skill      XL: |  1  2  3  4  5  6  7  8  9 10 11 12 13 14 15 16 17 18 |
---------------+-------------------------------------------------------+-----
Fighting       | 3 5 6 7 8 9 12 14 | 14.0
Long Blades    | 3 4 5 6 7 8 9 11 13 14 | 14.0
Shields        | 4 5 10 12 16 19 20 | 20.3
Armour         | 12 | 12.8

Action                   |  1- 3 |  4- 6 |  7- 9 | 10-12 | 13-15 | 16-18 || total
-------------------------+-------+-------+-------+-------+-------+-------++-------
Melee: Long sword        |    99 |   120 |   439 |       |       |       ||   658
       Falchion          |       |       |    16 |   589 |       |       ||   605
       Scimitar          |       |       |       |   109 |   993 |   396 ||  1498
       Demon blade       |       |       |       |       |       |  1248 ||  1248
Invok: Heroism           |       |       |       |     4 |     2 |     1 ||     7
       Finesse           |       |       |       |       |     1 |       ||     1
Evoke: Wand              |       |       |     3 |     5 |       |       ||     8
  Use: Potion            |       |     1 |     8 |    15 |     2 |     7 ||    33
       Scroll            |       |       |    11 |     6 |     6 |    13 ||    36
  Eat: Chunk             |       |     5 |     8 |    10 |    19 |    10 ||    52
       Ration            |       |       |     1 |     3 |     2 |     6 ||    12
Armor: Scale mail        |    55 |       |       |       |       |       ||    55
       Chain mail        |     5 |    49 |   232 |   288 |    55 |       ||   629
       Crystal plate arm |       |       |       |       |   472 |  1437 ||  1909
Dodge: Dodged            |    71 |    28 |   149 |   189 |   174 |   441 ||  1052
Block: Shield            |    20 |    59 |   284 |   332 |   574 |  1789 ||  3058
       Rpst.: Long sword |    18 |     8 |    50 |       |       |       ||    76
       Falchion          |       |       |     1 |    45 |       |       ||    46
       Scimitar          |       |       |       |     7 |    35 |    13 ||    55
       Demon blade       |       |       |       |       |       |    66 ||    66
